 Dungeon Crawl Stone Soup version 0.29.0-4-gdea44cf6ec (webtiles) character file.

Game seed: 10897994618158998478

1396 Kordrann the Chopper (level 8, 0/62 HPs)
             Began as a Demonspawn Abyssal Knight on Aug 27, 2022.
             Was an Elder of Lugonu.
             Slain by a gnoll sergeant
             ... wielding a +1 vorpal trident
              (1 damage)
             ... on level 7 of the Dungeon.
             The game lasted 00:30:46 (4959 turns).

Kordrann the Chopper (Demonspawn Abyssal Knight)    Turns: 4959, Time: 00:30:47

Health: 0/62       AC:  7    Str: 13    XL:     8   Next: 41%
Magic:  9/9        EV: 13    Int: 13    God:    Lugonu [****..]
Gold:   236        SH:  0    Dex: 21    Spells: 7/7 levels left

rFire   . . .      SeeInvis .   m - +0 war axe
rCold   + . .      Faith    .   (no shield)
rNeg    . . .      Spirit   .   o - +1 leather armour {rC+}
rPois   +          Reflect  .   (no helmet)
rElec   .          Harm     .   (no cloak)
rCorr   .          Rampage  .   (no gloves)
Will    +....                   t - +0 pair of boots
Stlth   ++........              (no amulet)
HPRegen 1.00/turn               p - +6 ring of dexterity
MPRegen 0.11/turn               v - ring "Saoteug" {rPois Will+}

@: no status effects
A: icy blue scales 1, spiny 2, hooves 1, sense surroundings 1, regeneration 1
a: Renounce Religion, Depart the Abyss, Bend Space, Banish, Corrupt


You were on level 7 of the Dungeon.
You worshipped Lugonu.
Lugonu was greatly pleased with you.
You visited 1 branch of the dungeon, and saw 7 of its levels.
You visited the Abyss 1 time.

You collected 236 gold pieces.

Inventory:

Hand Weapons
 a - a +1 hand axe
 c - a +0 whip
 d - a +1 hand axe of flaming
 f - a +0 great mace
 m - a +0 war axe (weapon)
Missiles
 e - 9 poisoned darts
 r - 3 boomerangs
Armour
 b - a +0 leather armour
 j - a +0 chain mail
 l - a +0 ring mail
 o - a +1 leather armour of cold resistance (worn)
 t - a +0 pair of boots (worn)
Jewellery
 p - a +6 ring of dexterity (left hand)
 s - a ring of wizardry
 v - the ring "Saoteug" (right hand) {rPois Will+}
   (You found it on level 7 of the Dungeon)

   [ring of willpower]

   rPois:     It protects you from poison.
   Will:      It increases your willpower.
Wands
 k - a wand of acid (10)
Scrolls
 h - 4 scrolls of identify
 i - 3 scrolls of teleportation
Potions
 g - 2 potions of mutation
 n - a potion of haste {unknown}


   Skills:
 + Level 5.0 Fighting
 + Level 5.2(6.0) Axes
 + Level 4.3(5.5) Maces & Flails
 + Level 4.1 Armour
 + Level 3.3 Dodging
 + Level 1.6 Stealth
 + Level 2.5 Invocations


You had 7 spell levels left.
You didn't know any spells.
Your spell library contained the following spells:

 Spells                   Type           Power      Damage    Failure   Level
 Beastly Appendage        Tmut           0%         N/A       36%         1
 Shock                    Conj/Air       0%         1d3       36%         1
 Wereblood                Tmut           0%         N/A       50%         2
 Spider Form              Tmut/Pois      0%         N/A       75%         3
 Swiftness                Air            0%         N/A       75%         3
 Airstrike                Air            0%         2d(0-16)  98%         4


Dungeon Overview and Level Annotations

Branches:
Dungeon (6/15)             Temple (0/1) D:4

Altars:
Hepliaklqana


Innate Abilities, Weirdness & Mutations

You are partially covered in icy blue scales. (AC +2)
You are mostly covered in sharp spines.
You have large cloven feet.
You passively map a small area around you.
Your natural rate of healing is unusually fast.


Message History

The gnoll sergeant is struck by your spines.
The gnoll sergeant closely misses you. The gnoll is struck by your spines.
You kill the gnoll!
Lugonu accepts your kill.
The gnoll sergeant hits you with a +1 vorpal trident!
The gnoll barely misses you.
The gnoll sergeant hits you with a +1 vorpal trident!
Things that are here:
a +4 flail; a gnoll corpse You slash the gnoll!
The gnoll is severely wounded.
You hit the gnoll sergeant but do no damage.
The gnoll is struck by your spines.
You kill the gnoll!
Lugonu accepts your kill.
The gnoll sergeant is struck by your spines.
The gnoll sergeant hits you with a +1 vorpal trident!
* * * LOW HITPOINT WARNING * * *
x2 You hit the gnoll sergeant.
The gnoll sergeant is moderately wounded.
The gnoll sergeant misses you.
You hit the gnoll sergeant.
The gnoll sergeant is heavily wounded.
The gnoll barely misses you.
The gnoll sergeant is struck by your spines.
The gnoll sergeant barely misses you.
You barely miss the gnoll sergeant.
The gnoll sergeant is severely wounded.
A scorpion comes into view.
The gnoll hits you but does no damage.
The gnoll sergeant hits you with a +1 vorpal trident.
* * * LOW HITPOINT WARNING * * *
x2 A gnoll comes into view.
It is wielding a +0 club and carrying a wand of acid (9).
The gnoll sergeant hits you from afar with a +1 vorpal trident.
* * * LOW HITPOINT WARNING * * *
x2
There is an escape hatch in the ceiling here.
The gnoll barely misses you.
The gnoll sergeant hits you from afar with a +1 vorpal trident.
* * * LOW HITPOINT WARNING * * *
You die...

,.....#* . ., #..# #.# *#....
##.* . * #.## #.. *
#..g###..*###. #.# ##.
#....##.# #.. #.# ##. ,#†..#.#
#.# * #.#######.. # ##....###.#
##.........# #.##g##..g).#
###...########
###...s.#.##).###....#### #
.......<†..Jg)@..........####
######..##.##.######.###....###
##.#.....# ###.######...#
##.#..#######.....######..
*#.................##...... ,
*, ....#....######........####.
.^####......##.........# ##
#,..............†......# #
#########..#.........# #


You could see a gnoll sergeant, a scorpion (wandering), a jelly and a gnoll.

Vanquished Creatures
  A water moccasin (D:7)
  A sky beast (D:7)
  An ice beast (D:5)
  An ogre (D:5)
  A phantom (D:4)
  A bullfrog (D:7)
  A necrophage (D:5)
  A howler monkey (D:7)
  3 orc priests (D:5)
  6 hounds
  4 iguanas
  8 orc wizards
  10 gnolls
  3 adders
  3 worms
  5 dart slugs
  21 orcs
  4 bats
  3 endoplasms
  A giant cockroach (D:3)
  4 goblins
  A hobgoblin (D:1)
  4 quokkas
  7 ball pythons
  5 frilled lizards
  4 kobolds
  5 rats
109 creatures vanquished.

Vanquished Creatures (others)
  2 plants (D:3)
2 creatures vanquished.

Grand Total: 111 creatures vanquished

Notes
Turn   | Place    | Note
-------+----------+-------------------------------------------
     0 | Abyss:1  | Kordrann the Demonspawn Abyssal Knight began the quest for
                  | the Orb.
     0 | Abyss:1  | Reached XP level 1. HP: 18/18 MP: 2/2
     9 | D:1      | Escaped the Abyss
    56 | D:1      | Found a faded altar of an unknown god.
   184 | D:1      | Gained mutation: You are partially covered in icy blue
                  | scales. (AC +2) [demonic ancestry]
   184 | D:1      | Reached XP level 2. HP: 24/24 MP: 3/3
   908 | D:1      | Reached skill level 1 in Dodging
   908 | D:1      | Reached XP level 3. HP: 21/29 MP: 4/4
  1751 | D:2      | Gained mutation: You have large cloven feet. [potion of
                  | mutation]
  1751 | D:2      | Gained mutation: Your natural rate of healing is unusually
                  | fast. [potion of mutation]
  1751 | D:2      | Gained mutation: You sometimes lose your temper in combat.
                  | [potion of mutation]
  1751 | D:2      | Gained mutation: You have hidden genetic potential. [potion
                  | of mutation]
  2297 | D:3      | Reached *** piety under Lugonu
  2355 | D:3      | Reached XP level 4. HP: 35/35 MP: 5/5
  2378 | D:3      | Lost mutation: You sometimes lose your temper in combat.
                  | [hidden potential]
  2488 | D:3      | Reached skill level 1 in Maces & Flails
  2881 | D:4      | Reached XP level 5. HP: 42/42 MP: 6/6
  2993 | D:4      | Noticed a phantom
  3006 | D:4      | Gained mutation: You passively map a small area around you.
                  | [hidden potential]
  3006 | D:4      | Lost mutation: You have hidden genetic potential. [hidden
                  | potential expressed]
  3007 | D:4      | Killed a phantom
  3008 | D:4      | Reached skill level 1 in Stealth
  3008 | D:4      | Gained mutation: You are partially covered in sharp spines.
                  | [demonic ancestry]
  3008 | D:4      | Reached XP level 6. HP: 26/48 MP: 7/7
  3245 | D:4      | Found a staircase to the Ecumenical Temple.
  3503 | D:5      | Entered Level 5 of the Dungeon
  3646 | D:5      | Noticed an ice beast
  3657 | D:5      | Killed an ice beast
  3658 | D:5      | Gained mutation: You are mostly covered in sharp spines.
                  | [demonic ancestry]
  3658 | D:5      | Reached XP level 7. HP: 49/55 MP: 8/8
  3730 | D:5      | Reached **** piety under Lugonu
  4000 | D:5      | Found a hazy altar of Hepliaklqana.
  4571 | D:6      | Reached XP level 8. HP: 59/61 MP: 9/9
  4637 | D:6      | You fall into a shaft and drop 1 floor!
  4753 | D:7      | Identified the ring "Saoteug" {rPois Will+}
  4926 | D:7      | Reached skill level 5 in Fighting
  4926 | D:7      | Reached skill level 5 in Axes
  4958 | D:7      | HP: 3/62 [gnoll sergeant/+1 vorpal trident (6)]
  4958 | D:7      | HP: 1/62 [gnoll sergeant/+1 vorpal trident (2)]
  4959 | D:7      | Slain by a gnoll sergeant

Illustrated notes

Levels and vault maps discovered:
D:1:      mrwooster_arrival_statue_2, layout_basic,
          hellmonk_ecumenical_altar_defaced_shrine
D:2:      layout_loops_ring, nicolae_titane
D:3:      layout_loops_ring, minmay_misc_feat_ornament, kennysheep_nub,
          serial_bayou_pond_b
D:4:      layout_cave_pools, temple_pool_b, hangedman_abyss_or_decor_lesser_grid
D:5:      layout_gridville, mainiacjoe_overflow_catwalk
D:6:      cheibrodos_fertilizer, layout_loops_ring, st_stairs_3, minivault_24
D:7:      layout_rooms, chequers_temple_overflow_statue_of_worship

Skill      XL: |  1  2  3  4  5  6  7  8 |
---------------+-------------------------+-----
Armour         | 2 3 4 |  4.1
Axes           | 2 3 4 5 |  5.2
Dodging        | 1 2 3 |  3.3
Maces & Flails | 1 2 3 4 |  4.3
Fighting       | 4 5 |  5.0
Stealth        | 1 |  1.6
Invocations    | |  2.5

Action                   |  1- 3 |  4- 6 |  7- 9 || total
-------------------------+-------+-------+-------++-------
Melee: Hand axe          |    74 |    45 |    28 ||   147
       Great mace        |    26 |    69 |       ||    95
       Kick              |     2 |    27 |    16 ||    45
       Punch             |       |     1 |     2 ||     3
       War axe           |       |       |    71 ||    71
  Use: Potion            |     4 |     5 |     2 ||    11
       Scroll            |     5 |     1 |     3 ||     9
 Stab: Sleeping          |     1 |     2 |       ||     3
Armor: Leather armour    |    39 |    38 |    11 ||    88
       Ring mail         |       |     9 |    21 ||    30
Dodge: Dodged            |    61 |    89 |    40 ||   190
